 Dungeon Crawl Stone Soup version 0.28.0-45-g0d030f2227 (webtiles) character file.

Game seed: 1553463060647739231

81 Fartwhistle the Insei (level 4, 0/35 HPs)
             Began as a Demonspawn Monk on May 26, 2022.
             Splashed by a jelly's acid (8 damage)
             ... on level 2 of the Dungeon on May 30, 2022.
             The game lasted 00:12:14 (3042 turns).

Fartwhistle the Insei (Demonspawn Monk)             Turns: 3042, Time: 00:12:16

Health: 0/35       AC: -6    Str: 11    XL:     4   Next: 19%
Magic:  4/4        EV: 13    Int: 14    God:
Gold:   86         SH:  0    Dex: 17    Spells: 3/3 levels left

rFire   . . .      SeeInvis .   i - +2 long sword (elec)
rCold   . . .      Faith    .   (no shield)
rNeg    . . .      Spirit   .   a - +0 robe
rPois   .          Reflect  .   (no helmet)
rElec   .          Harm     .   (no cloak)
rCorr   .          Rampage  .   (no gloves)
Will    .....                   (no boots)
Stlth   +++.......              (no amulet)
HPRegen 0.11/turn               (no ring)
MPRegen 0.09/turn               (no ring)

@: corroded
A: thin skeletal structure 1, ignite blood 1
a: no special abilities


You were on level 2 of the Dungeon.
You visited 1 branch of the dungeon, and saw 2 of its levels.

You collected 86 gold pieces.

Inventory:

Hand Weapons
 i - a +2 long sword of electrocution (weapon)
Missiles
 b - 5 poisoned darts (quivered)
Armour
 a - a +0 robe (worn)
Scrolls
 h - a scroll of vulnerability {unknown}
 j - a scroll of amnesia {unknown}
 k - a scroll of identify {unknown}
 l - a scroll of blinking {unknown}
 m - a scroll of fear {unknown}
Potions
 c - 2 potions of attraction {unknown}
 d - a potion of mutation {unknown}
 e - a potion of berserk rage {unknown}
 f - a potion of ambrosia {unknown}
 g - 2 potions of resistance {unknown}


   Skills:
 + Level 3.4 Fighting
 + Level 2.1 Throwing
 - Level 2.6 Dodging
 - Level 1.7 Stealth
 + Level 3.5 Unarmed Combat


You had 3 spell levels left.
You didn't know any spells.
Your spell library contained the following spells:

 Spells                   Type           Power      Damage    Failure   Level
 Magic Dart               Conj           0%         1d3       28%         1
 Searing Ray              Conj           0%         2d4       41%         2
 Fulminant Prism          Conj/Hex       0%         3d6       96%         4


Dungeon Overview and Level Annotations

Branches:
Dungeon (2/15)

Altars:


Innate Abilities, Weirdness & Mutations

You have a somewhat thin skeletal structure. (Dex +2, Stealth+)
Your demonic aura sometimes causes spilled blood to erupt in flames.


Message History

No target in view!
A kobold comes into view. It is wielding a +0 club.
The kobold shouts!
You hit the kobold.
You kill the kobold!
No target in view!
No target in view!
m - a scroll labelled ZUXZE FUOFURODD You pick up a book of Conjurations and begin reading...
You add the spells Magic Dart, Searing Ray and Fulminant Prism to your library.
Okay, then.
A jelly comes into view.
A frilled lizard comes into view.
What are your orders? t - Shout!
Orders for allies: a - Attack new target. r - Retreat! s - Stop attacking. g - Guard the area. f - Follow me.
Anything else - Cancel.
You shout for attention!
The jelly quivers.
You closely miss the frilled lizard. Your punch misses the frilled lizard.
The frilled lizard bites you.
You slash the frilled lizard!
Lightning courses through the frilled lizard!
You kill the frilled lizard!
The jelly hits you. The acid corrodes you!
You are splashed with acid!
You hit the jelly.
Your hands burn!
The jelly is lightly wounded.
The jelly closely misses you.
You hit the jelly.
Your hands burn!
The jelly is heavily wounded.
The jelly hits you. The acid corrodes you!
You are splashed with acid!
You hit the jelly.
Your hands burn!
* * * LOW HITPOINT WARNING * * *
The jelly is heavily wounded.
The jelly hits you.
* * * LOW HITPOINT WARNING * * *
You are splashed with acid!
You die...

#. .#### #.# ..... .# ###
## #[# ##.. ....#... .
#.# #.# #.##.#.# .# #.#
#.# #.##.#.##.## #.# #.#
#.##.#.#...#### #.# #.#
#.#.......J....
..#####.###.#..#J#...####
...............#@##.##
....)##.###......# .#
#....................#
#######................
#################


You could see a jelly.

Vanquished Creatures
  Robin (D:1)
  A worm (D:2)
  2 dart slugs
  3 endoplasms
  A giant cockroach (D:1)
  14 goblins
  10 hobgoblins
  2 kobolds
  6 quokkas (D:1)
  5 ball pythons (D:1)
  5 bats
  4 frilled lizards
54 creatures vanquished.

Notes
Turn   | Place    | Note
-------+----------+-------------------------------------------
     0 | D:1      | Fartwhistle the Demonspawn Monk began the quest for the
                  | Orb.
     0 | D:1      | Reached XP level 1. HP: 18/18 MP: 1/1
   244 | D:1      | Reached skill level 1 in Throwing
   244 | D:1      | Gained mutation: You have a somewhat thin skeletal
                  | structure. (Dex +2, Stealth+) [demonic ancestry]
   244 | D:1      | Reached XP level 2. HP: 19/24 MP: 2/2
  1119 | D:1      | Reached XP level 3. HP: 19/29 MP: 3/3
  1920 | D:2      | Noticed Robin
  2489 | D:1      | Killed Robin
  2559 | D:2      | Gained mutation: Your demonic aura sometimes causes spilled
                  | blood to erupt in flames. [demonic ancestry]
  2559 | D:2      | Reached XP level 4. HP: 34/35 MP: 4/4
  2629 | D:2      | Found a faded altar of an unknown god.
  3042 | D:2      | Splashed by a jelly's acid

Illustrated notes

Levels and vault maps discovered:
D:1:      grunt_arrival_crossed_arrows, layout_loops_ring
D:2:      layout_loops_ring, basic_ecumenical_altar, uniq_crazy_yiuf_cottage,
          uniq_robin

Skill      XL: |  1  2  3 |
---------------+----------+-----
Unarmed Combat | 3 |  3.5
Throwing       | 1 2 |  2.1
Fighting       | |  3.4
Dodging        | |  2.6
Stealth        | |  1.7

Action                   |  1- 3 |  4- 6 || total
-------------------------+-------+-------++-------
Melee: Unarmed           |    84 |       ||    84
       Punch             |     6 |       ||     6
       Long sword        |    50 |    22 ||    72
Throw: Dart              |    35 |       ||    35
 Stab: Sleeping          |     2 |     1 ||     3
Armor: Robe              |    42 |     4 ||    46
Dodge: Dodged            |   149 |    14 ||   163
